Map: Automaton LE

Players

Odin - Winner!

  • Race: Zerg Zerg
  • League: Gold
  • Spawn Location: 3:00

keyser

  • Race: Terran Terran
  • League: Gold
  • Spawn Location: 9:00

VOD

Have the link to the VOD?

Description

Time

  • Played on: Dec. 11, 2018, 10:41 p.m.
  • Length: 10:22
Show
View Real Time Build Order
Export as new Build Order

Odin Zerg - Winner!

Build Orders: Pool First 

Get SALT Encoding   

  12  0:20  Spawning Pool  
  11  0:41  Drone x2  
  13  0:44  Overlord  
  13  0:59  Extractor, Drone  
  13  1:09  Queen  
  15  1:35  Hatchery  
  14  1:46  Roach Warren  
  13  1:53  Drone  
  14  1:57  Drone  
  15  2:03  Drone  
  16  2:12  Drone  
  17  2:27  Roach  
  17  2:28  Roach  
  21  2:43  Overlord  
  21  2:50  Queen  
  24  2:58  Drone  
  24  2:59  Extractor  
  24  3:00  Drone  
  24  3:05  Drone  
  25  3:10  Drone  
  26  3:19  Spore Crawler  
  25  3:25  Ravager x2  
  27  3:34  Roach x2  
  31  3:50  Spore Crawler  
  31  3:51  Roach  
  31  3:52  Roach  
  34  3:56  Ravager  
  35  4:03  Ravager  
  35  4:06  Overlord  
  36  4:37  Roach  
  36  4:38  Roach x3  
  44  4:40  Overlord  
  44  5:18  Roach x4  
  44  5:20  Overlord  
  52  5:43  Drone  
  52  5:44  Overlord, Drone x3  
  52  5:45  Drone  
  57  5:52  Ravager x3  
  60  6:01  Overlord  
  42  7:35  Drone  
  42  7:36  Drone x11  
  54  7:47  Lair  
  54  7:51  Hatchery  
  53  8:15  Extractor  
  53  8:16  Drone  
  53  8:17  Drone x2  
  53  8:18  Hatchery  
  54  8:24  Evolution Chamber  
  54  8:25  Evolution Chamber  
  54  8:26  Extractor  
  51  8:32  Queen  
  41  8:54  Roach  
  41  8:55  Roach x13  
  67  8:56  Roach  
  69  9:03  Spine Crawler x2  
  67  9:17  Ravager  
  67  9:18  Ravager x5  
  73  9:25  Roach  
  73  9:27  Overlord x3  
  73  9:28  Overlord x4  
  73  9:51  Roach x6  
Show
View Real Time Build Order
Export as new Build Order

keyser Terran 

Build Orders:  

Get SALT Encoding   

  12  0:01  SCV  
  13  0:15  Supply Depot  
  13  0:18  SCV  
  14  0:32  SCV  
  15  0:38  Barracks  
  15  0:45  SCV  
  15  0:47  Refinery  
  16  0:57  SCV  
  17  1:09  SCV  
  18  1:24  SCV  
  19  1:29  Supply Depot  
  19  1:31  Reaper  
  20  1:36  Orbital Command  
  20  1:49  Refinery  
  20  1:59  Barracks  
  20  2:13  SCV  
  21  2:15  Marine  
  22  2:26  SCV  
  23  2:30  Factory  
  23  2:38  SCV  
  24  2:52  Barracks Tech Lab x2  
  24  2:56  SCV  
  25  3:04  Command Center  
  25  3:23  Factory Tech Lab  
  25  3:24  Starport  
  25  3:25  Marauder  
  25  3:26  Marauder  
  29  3:34  SCV  
  29  3:36  Concussive Shells  
  30  3:53  Supply Depot  
  30  4:06  Supply Depot  
  30  4:08  Starport Tech Lab  
  30  4:20  Supply Depot  
  30  4:31  Supply Depot, Siege Tank  
  30  4:34  Marine x2  
  35  4:52  Supply Depot  
  37  4:53  Marauder x2, Supply Depot  
  37  4:58  Engineering Bay  
  37  4:59  Liberator  
  39  5:00  Orbital Command  
  39  5:05  Supply Depot  
  41  5:29  SCV x2  
  43  5:41  SCV  
  43  5:42  SCV  
  45  5:50  Cyclone  
  45  5:53  SCV  
  49  5:59  Raven  
  49  6:01  Combat Shield  
  49  6:03  Marine x2  
  53  6:21  Marine  
  53  6:22  Marauder  
  50  6:39  Marauder  
  49  6:42  Viking  
  49  7:12  Marine x2  
  51  7:19  Siege Tank  
  54  7:30  Supply Depot  
  54  7:31  Marauder x2, Orbital Command  
  58  7:48  Medivac  
  60  7:52  Marauder x2, Siege Tank  
  67  8:13  Marauder, Supply Depot  
  67  8:14  Marauder  
  67  8:15  Supply Depot  
  67  8:17  Supply Depot  
  71  8:35  Marauder x2  
  73  8:56  Marauder x2  
  77  9:17  Marine x2  
  77  9:18  Siege Tank  
  82  9:35  Marauder x2  
  87  9:56  Marine  
  87  9:57  Marauder  
Tags
 
League
GoldGold
Matchup
TvZ
Opening
Pool First
Spawn Locations
Cross Positions
Add a new tag
Caveats
  • Supply blocks, unpowered buildings, or Contaminate may cause inaccurate times.
  • Supply counts are checked every 10 seconds.